 Dungeon Crawl Stone Soup version 0.21.1-1-g345015f (webtiles) character file.

29 kae the Insei (level 3, -5/23 HPs)
             Began as an Octopode Transmuter on May 30, 2018.
             Slain by Natasha (9 damage)
             ... on level 2 of the Dungeon.
             The game lasted 00:00:41 (983 turns).

kae the Insei (Octopode Transmuter)                  Turns: 983, Time: 00:00:42

Health: -5/23      AC:  1    Str:  9    XL:     3   Next: 16%
Magic:  5/6        EV: 13    Int: 15    God:
Gold:   61         SH:  0    Dex: 13    Spells: 5/6 levels left

rFire    . . .     SeeInvis .   d - +2 short sword (elec)
rCold    . . .     Gourm    .   (no shield)
rNeg     . . .     Faith    .   (helmet restricted)
rPois    .         Spirit   .   (no amulet)
rElec    .         Reflect  .   (no ring)
rCorr    .         Harm     .   (no ring)
MR       .....                  (no ring)
Stlth    ++........             (no ring)
HPRegen  0.07/turn              (no ring)
MPRegen  0.10/turn              (no ring)
                                (no ring)
                                (no ring)

@: appendage, slowed, very slow
A: almost no armour, stealthy swim, amphibious, 8 rings, constrict 8, tentacle
spike 3, camouflage 1, gelatinous body 1
a: End Transformation


You were on level 2 of the Dungeon.
You were not hungry.
One of your tentacles had a temporary spike.
You visited 1 branch of the dungeon, and saw 2 of its levels.

You collected 61 gold pieces.

Inventory:

Hand Weapons
 d - a +2 short sword of electrocution (weapon)
Missiles
 a - 36 arrows
Scrolls
 e - a scroll of amnesia {unknown}
 f - a scroll of remove curse {unknown}
Potions
 g - 2 potions of heal wounds {unknown}
 h - a potion of curing {unknown}
Books
 b - a book of Changes

   Spells                             Type                      Level
   a - Beastly Appendage              Transmutation                1
   b - Sticks to Snakes               Transmutation                2
   c - Spider Form                    Transmutation/Poison         3
   d - Ice Form                       Ice/Transmutation            4
   e - Blade Hands                    Transmutation                5
Comestibles
 c - 4 rations


   Skills:
 + Level 1.3 Fighting
 + Level 2.1 Dodging
 * Level 3.4 Unarmed Combat
 + Level 2.2 Spellcasting
 * Level 2.4 Transmutations


You had 5 spell levels left.
You knew the following spells:

 Your Spells              Type           Power        Failure   Level  Hunger
a - Beastly Appendage     Tmut           #.....       8%          1    #......


Dungeon Overview and Level Annotations

Branches:
Dungeon (2/15)

Altars:

Annotations:
D:2 Natasha


Innate Abilities, Weirdness & Mutations

You cannot wear most types of armour.
You are very stealthy in the water. (Stealth+)
You are amphibious.
You can wear up to eight rings at the same time.
You can use your tentacles to constrict eight enemies at once.
Your skin changes colour to match your surroundings (Stealth+).
Your rubbery body absorbs attacks. (AC +1, EV +1)
One of your tentacles bears a large vicious spike.


Message History

Confirm with . or Enter, or press ? or * to list all spells.
One of your tentacles grows a vicious spike.
Natasha stares at you and mumbles some strange words.
You feel yourself slow down.
Natasha stares at you and mumbles some strange words.
You feel as though you will be slow longer.
Natasha wildly gestures.
You feel disoriented. Natasha claws you!
You are too injured to fight recklessly!
You are too injured to fight recklessly!
You are too injured to fight recklessly!
You are too injured to fight recklessly!
You hit Natasha but do no damage. You grab Natasha.
Your tentacle spike misses Natasha.
You constrict Natasha. Natasha claws you!
* * * LOW HITPOINT WARNING * * *
You hit Natasha.
Natasha is heavily wounded.
You constrict Natasha. Natasha closely misses you. Natasha claws you!
You die...

##.........####....####.##...
#........## ##.#.# #.####.
#.#.....## #.#.####.# #.
#.##...## #........# #. #
##'## ###.###### #. #. #.# #.
.. #.# #. ....#########.# #.
.....gh@......# #.
.....########## #. ... #. .
#. ##


You could see Natasha and a hobgoblin.

Vanquished Creatures
  An ooze (D:2)
  A worm (D:2)
  A dart slug (D:2)
  2 giant cockroaches (D:1)
  3 goblins
  5 hobgoblins
  A ball python (D:2)
  A bat (D:1)
  3 kobolds
18 creatures vanquished.

Notes
Turn   | Place    | Note
-------+----------+-------------------------------------------
     0 | D:1      | kae the Octopode Transmuter began the quest for the Orb.
     0 | D:1      | Reached XP level 1. HP: 13/13 MP: 3/3
   208 | D:1      | Reached XP level 2. HP: 17/18 MP: 5/5
   727 | D:2      | Reached XP level 3. HP: 23/23 MP: 4/6
   976 | D:2      | Noticed Natasha
   983 | D:2      | Slain by Natasha

Action                   || total
-------------------------++-------
Melee: Short sword       ||    34
       Constrict         ||     7
       Tentacles         ||     4
       Kick              ||     3
 Cast: Beastly Appendage ||     5
 Stab: Sleeping          ||     4
Armor: Skin              ||     5
Dodge: Dodged            ||    26
